 Dungeon Crawl Stone Soup version 0.24.0-123-gd5b16e6ec5 (webtiles) character file.

Game seed: 17380640154538687878, levelgen mode: deterministic

122 Enkuryo the Skirmisher (level 4, -2/35 HPs)
             Began as a Demonspawn Berserker on Jan 13, 2020.
             Was a Believer of Trog.
             Killed by divine providence
             ... invoked by an orc priest
              (12 damage)
             ... on level 3 of the Dungeon.
             The game lasted 00:13:37 (2130 turns).

Enkuryo the Skirmisher (Demonspawn Berserker)       Turns: 2130, Time: 00:13:37

Health: -2/35      AC:  9    Str: 18    XL:     4   Next: 78%
Magic:  4/4        EV:  3    Int:  8    God:    Trog [**....]
Gold:   114        SH: 12    Dex: 13    Spells: 3/3 levels left

rFire    . . .     SeeInvis .   e - +2 dagger (venom)
rCold    + . .     Gourm    .   i - +0 large shield
rNeg     . . .     Faith    .   b - +0 chain mail
rPois    .         Spirit   .   (no helmet)
rElec    .         Reflect  .   g - scarf {repulsion}
rCorr    .         Harm     .   (no gloves)
MR       .....                  h - +0 pair of boots
Stlth    ..........             (no amulet)
HPRegen  0.11/turn              (no ring)
MPRegen  0.09/turn              (no ring)

@: berserk cooldown, slowed, repel missiles, very slow
A: hooves 1, cold resistance 1
a: Berserk, Trog's Hand, Renounce Religion


You were on level 3 of the Dungeon.
You worshipped Trog.
Trog was pleased with you.
You were hungry.

You visited 1 branch of the dungeon, and saw 3 of its levels.

You collected 114 gold pieces.

Inventory:

Hand Weapons
 a - a +0 falchion
 e - a +2 dagger of venom (weapon)
Armour
 b - a +0 chain mail (worn)
 g - a scarf of repulsion (worn)
 h - a +0 pair of boots (worn)
 i - a +0 large shield (worn)
Wands
 k - a wand of acid (9)
Scrolls
 f - 2 scrolls of identify
Potions
 d - a potion of resistance
 j - 2 potions of invisibility
 l - a potion of curing
Comestibles
 c - 6 rations
 m - 3 chunks of flesh


   Skills:
 + Level 3.5 Fighting
 * Level 2.4(3.1) Short Blades
 - Level 2.7(3.2) Long Blades
 + Level 2.4 Armour
 + Level 2.2 Dodging
 + Level 1.0 Shields


You had 3 spell levels left.
You didn't know any spells.
Your spell library was empty.

Dungeon Overview and Level Annotations

Branches:
Dungeon (3/15)

Altars:


Innate Abilities, Weirdness & Mutations

You have large cloven feet.
Your flesh is cold resistant. (rC+)


Message History

You hit the orc.
The orc is almost dead.
The orc priest looks encouraged for a moment.
You block the orc's attack.
You closely miss the orc.
The orc is almost dead.
The orc hits you but does no damage.
You hit the orc.
You kill the orc!
Trog accepts your kill.
The orc priest looks satisfied for a moment.
Your shield and chain mail prevent you from hitting the goblin.
The orc priest looks braver for a moment.
You block the goblin's attack.
You hit the goblin.
You kill the goblin!
Trog accepts your kill.
The orc priest calls down the wrath of Beogh upon you.
Beogh smites you!
You die...

..... .... ....
#.. #..
#.#####.###
#.......o.# #o#
....... #@#
..%.... #)#
....... #.#
...$... #.#
....... #.#
.......
##'#####.......
#......).#
#......###
#..(...#


You could see an orc priest and an orc.

Vanquished Creatures
  A crimson imp (D:2)
  An adder (D:2)
  An ooze (D:1)
  5 leopard geckos
  6 orcs (D:3)
  3 bats
  3 giant cockroaches
  7 goblins
  10 hobgoblins
  7 jackals (D:2)
  5 kobolds
  2 frilled lizards (D:1)
  7 rats
58 creatures vanquished.

Notes
Turn   | Place    | Note
-------+----------+-------------------------------------------
     0 | D:1      | Enkuryo the Demonspawn Berserker began the quest for the
                  | Orb.
     0 | D:1      | Reached XP level 1. HP: 18/18 MP: 1/1
   359 | D:1      | Gained mutation: Your flesh is cold resistant. (rC+)
                  | [demonic ancestry]
   359 | D:1      | Reached XP level 2. HP: 23/24 MP: 2/2
   696 | D:1      | Reached skill level 1 in Short Blades
   887 | D:1      | Reached XP level 3. HP: 29/29 MP: 3/3
  1142 | D:2      | Reached ** piety under Trog
  1851 | D:2      | Gained mutation: You have large cloven feet. [demonic
                  | ancestry]
  1851 | D:2      | Reached XP level 4. HP: 35/35 MP: 4/4
  2024 | D:2      | Reached skill level 1 in Shields
  2130 | D:3      | Killed from afar by an orc priest

Levels and vault maps discovered:
D:1:      giann_forest_graveyard, layout_basic
D:2:      minmay_chambers_of_ones, layout_rooms
D:3:      minmay_spotlight, layout_basic, first_ration, st_stairs_10

Skill      XL: |  1  2  3  4 |
---------------+-------------+-----
Short Blades   | 1 2 |  2.4
Armour         | 2 |  2.4
Dodging        | 2 |  2.2
Shields        | 1 |  1.0
Fighting       | |  3.5
Long Blades    | |  2.7

Action                   |  1- 3 |  4- 6 || total
-------------------------+-------+-------++-------
Melee: Dagger            |   113 |    39 ||   152
       Falchion          |     3 |       ||     3
Invok: Berserk           |       |     1 ||     1
  Use: Potion            |     1 |       ||     1
       Scroll            |     6 |     2 ||     8
  Eat: Chunk             |     3 |     1 ||     4
Armor: Ring mail         |    23 |       ||    23
       Chain mail        |    37 |    12 ||    49
Dodge: Dodged            |    20 |     4 ||    24
Block: Large shield      |    57 |    17 ||    74
